 Dungeon Crawl Stone Soup version 0.21.1-1-g345015f (webtiles) character file.

190 Goblin1989 the Chopper (level 5, -6/36 HPs)
             Began as a Demonspawn Monk on Feb 12, 2018.
             Was a Believer of Ru.
             Mangled by an orc priest
             ... wielding a +0 flail
              (8 damage)
             ... on level 4 of the Dungeon.
             The game lasted 00:10:16 (4014 turns).

Goblin1989 the Chopper (Demonspawn Monk)            Turns: 4014, Time: 00:10:17

Health: -6/36      AC: 11    Str: 12      XL:     5   Next: 41%
Magic:  5/5        EV:  9    Int: 12      God:    Ru [**....]
Gold:   51         SH:  3    Dex: 12 (15) Spells: 4/4 levels left

rFire    . . .     SeeInvis .   a - +0 hand axe
rCold    . . .     Gourm    .   y - +0 buckler
rNeg     + . .     Faith    .   C - +0 scale mail
rPois    .         Spirit   .   j - +0 helmet
rElec    .         Reflect  .   (no cloak)
rCorr    .         Harm     .   z - +0 pair of gloves
MR       .....                  p - +2 pair of boots {run}
Stlth    ..........             (no amulet)
HPRegen  0.12/turn              v - ring of positive energy
MPRegen  0.09/turn              (no ring)

@: quick
A: frail 1, powered by death 1
a: Renounce Religion


You were on level 4 of the Dungeon.
You worshipped Ru.
Ru was pleased with you.
You were hungry.

You visited 1 branch of the dungeon, and saw 4 of its levels.

You collected 141 gold pieces.
You spent 90 gold pieces at shops.

Inventory:

Hand Weapons
 a - a +0 hand axe (weapon)
Missiles
 k - 2 silver tomahawks
 q - 5 tomahawks (quivered)
Armour
 j - a +0 helmet (worn)
 p - a +2 pair of boots of running (worn)
 y - a +0 buckler (worn)
 z - a +0 pair of gloves (worn)
 C - a +0 scale mail (worn)
Jewellery
 v - a ring of positive energy (left hand)
Scrolls
 g - 4 scrolls of identify {unknown}
 h - a scroll of teleportation {unknown}
 l - a scroll of fog {unknown}
 n - 2 scrolls of remove curse {unknown}
 u - a scroll of immolation {unknown}
Potions
 i - 3 potions of curing {@q1}
 m - a potion of invisibility {unknown}
 o - a potion of agility {unknown}
 s - a potion of ambrosia {unknown}
 t - a potion of might {unknown}
 w - a potion of degeneration {unknown}
 A - a potion of brilliance {unknown}
Comestibles
 e - 5 rations


   Skills:
 + Level 3.4 Fighting
 * Level 4.9 Axes
 + Level 1.0 Armour
 + Level 2.7 Dodging
 - Level 1.7 Stealth
 + Level 1.1 Shields


You had 4 spell levels left.
You didn't know any spells.

Dungeon Overview and Level Annotations

Branches:
Dungeon (4/15)
 Temple: D:4-7

Altars:
Nemelex Xobeh
Ru
Zin


Innate Abilities, Weirdness & Mutations

You are frail. (-10% HP)
You regenerate a little health from kills.


Message History

The quokka bites you but does no damage.
The worm bites you.
You take 3 damage, and have 33/36 hp.
You hit the worm.
You kill the worm!
You closely miss the quokka.
You are feeling hungry.
The quokka closely misses you.
You hit the quokka.
The quokka is severely wounded.
The quokka bites you but does no damage. x2
You barely miss the quokka.
The quokka is heavily wounded.
The quokka bites you but does no damage.
You hit the quokka.
The quokka is severely wounded.
The quokka closely misses you.
You hit the quokka but do no damage.
The quokka is severely wounded.
The quokka barely misses you.
The quokka bites you but does no damage.
You barely miss the quokka.
The quokka is severely wounded.
You redirect the quokka's attack!
The quokka bites itself.
The quokka dies!
No target in view!
No target in view!
No target in view!
No target in view!
No target in view!
No target in view!
No target in view!
No target in view!
No target in view!
No target in view!
No target in view!
No target in view!
No target in view!
No target in view!
No target in view!
No target in view!
No target in view!
HP restored.
An ogre comes into view. It is wielding a giant club.
The ogre shouts!
Health restored: 36 An ogre is nearby!
An ogre is nearby!
Quiver which item? (- for none, * to show all) (? for menu, Esc to quit)
Quivering
q - 7 tomahawks for throwing.
Throwing (i - inventory. (,) - cycle):
q - 7 tomahawks (quivered)
Press: ? - help, Shift-Dir - straight line, f - ogre
Aim: an ogre, wielding a giant club You throw a tomahawk.
The tomahawk barely misses the ogre.
A quokka comes into view.
Throwing (i - inventory. (,) - cycle):
q - 6 tomahawks (quivered)
Press: ? - help, Shift-Dir - straight line, f/p - ogre
Aim: an ogre, wielding a giant club You throw a tomahawk.
The tomahawk hits the ogre.
The ogre is lightly wounded.
There is a stone staircase leading up here.
You climb upwards.
There is a stone staircase leading down here.
You climb downwards.
The ogre barely misses you.
There is a stone staircase leading up here.
You climb upwards.
There is a stone staircase leading down here.
There is a stone staircase leading down here.
You climb downwards.
The orc priest shouts!
There is a stone staircase leading up here.
The orc priest calls down the wrath of Beogh upon you.
Beogh smites you!
You take 16 damage, and have 20/36 hp.
MASSIVE DAMAGE!!
The orc priest is stunned by your will and fails to attack.
You hit the orc priest but do no damage.
The orc priest hits you but does no damage.
You slash the orc priest!
The orc priest is heavily wounded.
The orc priest mumbles some strange prayers to Beogh against you.
Pain shoots through your body!
* * * LOW HITPOINT WARNING * * *
You take 5 damage, and have 15/36 hp.
Your shield and scale mail prevent you from hitting the orc priest.
The orc priest is heavily wounded.
The orc priest closely misses you.
You hit the orc priest.
The orc priest is almost dead.
The orc priest closely misses you.
You closely miss the orc priest.
The orc priest is almost dead.
The orc priest invokes the aid of Beogh against you.
Beogh smites you!
* * * LOW HITPOINT WARNING * * *
You take 13 damage, and have 2/36 hp.
MASSIVE DAMAGE!!
You hit the orc priest but do no damage.
The orc priest is almost dead.
The orc priest hits you with a flail!
You die...

.. █......█. .. ..
█.████.█ . . . █.█ .█. █.█
██ █.█████▲█████████.█ █.█
█.██..P.P.........█
█.██.███.██.......█████..█
█.....█<..███...███ █..█
█.█...@o.....█ █..█
█............█ █..█
█.██.........█ █..█ █.
████...█.██


████ █ ......... ███...█████ █████ You could see an orc priest.

Vanquished Creatures
  A quasit (D:3)
  A hound (D:4)
  2 worker ants (D:4)
  An adder (D:2)
  4 dart slugs
  A worm (D:4)
  A leopard gecko (D:1)
  6 orcs (D:3)
  2 ball pythons
  10 bats
  4 giant cockroaches
  4 goblins (D:1)
  4 hobgoblins (D:1)
  3 jackals (D:1)
  5 frilled lizards
  4 kobolds
  7 rats
60 creatures vanquished.

Vanquished Creatures (others)
  A quokka (D:4)
1 creature vanquished.

Grand Total: 61 creatures vanquished

Notes
Turn   | Place    | Note
-------+----------+-------------------------------------------
     0 | D:1      | Goblin1989 the Demonspawn Monk began the quest for the Orb.
     0 | D:1      | Reached XP level 1. HP: 18/18 MP: 1/1
   288 | D:1      | Reached skill level 3 in Axes
   331 | D:1      | Gained mutation: You regenerate a little health from kills. [demonic ancestry]
   331 | D:1      | Reached XP level 2. HP: 24/24 MP: 2/2
   828 | D:1      | Reached XP level 3. HP: 23/29 MP: 3/3
  1352 | D:2      | Reached skill level 4 in Axes
  1483 | D:2      | Identified a +2 pair of boots of running (You found it on level 2 of the Dungeon)
  1613 | D:2      | Found a sacrificial altar of Ru.
  1645 | D:2      | Became a worshipper of Ru the Awakened
  1653 | D:2      | Gained mutation: You are frail. (-10% HP) [Ru sacrifice]
  1653 | D:2      | Reached * piety under Ru
  1653 | D:2      | Reached ** piety under Ru
  2392 | D:3      | Found a sparkling altar of Nemelex Xobeh.
  2497 | D:3      | Found Zin's Purification Station.
  2500 | D:3      | Found a glowing silver altar of Zin.
  2506 | D:3      | Bought a potion of curing for 90 gold pieces
  2720 | D:3      | Reached XP level 4. HP: 22/31 MP: 4/4
  3494 | D:4      | Reached skill level 1 in Armour
  3494 | D:4      | Reached skill level 1 in Shields
  3494 | D:4      | Reached XP level 5. HP: 24/36 MP: 5/5
  3961 | D:4      | Noticed an ogre
  4014 | D:4      | Mangled by an orc priest

Skill      XL: |  1  2  3  4 |
---------------+-------------+-----
Axes           | 3 4 |  4.9
Armour         | 1 |  1.0
Shields        | 1 |  1.1
Fighting       | |  3.4
Dodging        | |  2.7
Stealth        | |  1.7

Action                   |  1- 3 |  4- 6 || total
-------------------------+-------+-------++-------
Melee: Hand axe          |   168 |   129 ||   297
Throw: Tomahawk          |       |     2 ||     2
Invok: Sacrifice Health  |     1 |       ||     1
 Stab: Sleeping          |     6 |       ||     6
       Distracted        |       |     1 ||     1
       Invisible         |       |     1 ||     1
  Eat: Chunk             |     5 |     4 ||     9
Armor: Robe              |    51 |    69 ||   120
       Scale mail        |       |     9 ||     9
Dodge: Dodged            |   118 |   117 ||   235
Block: Buckler           |     3 |    23 ||    26

Vault maps used:
D:1:      minmay_arrival_loop
D:2:      first_ration, nicolae_ru_the_path_less_chosen
D:3:      zin_purify, lemuel_crystal_altar
D:4:      kennysheep_mini, lemuel_round_altar, cheibrodos_gnoll_hut
